 Dungeon Crawl Stone Soup version 0.29-a0-284-gf9362112df (webtiles) character file.

Game seed: 4475338795472958064

49 Dabor the Skirmisher (level 3, -2/36 HPs)
             Began as a Gargoyle Fighter on Mar 14, 2022.
             Slain by a gnoll
             ... wielding a +0 halberd
              (7 damage)
             ... on level 2 of the Dungeon.
             The game lasted 00:01:50 (1405 turns).

Dabor the Skirmisher (Gargoyle Fighter)             Turns: 1405, Time: 00:01:50

Health: -2/36      AC: 21    Str: 21    XL:     3   Next: 77%
Magic:  3/3        EV:  2    Int:  8    God:
Gold:   74         SH:  4    Dex:  9    Spells: 2/2 levels left

rFire   + . .      SeeInvis .   a - +0 flail
rCold   . . .      Faith    .   c - +0 buckler
rNeg    + . .      Spirit   .   (body armour currently unavailable)
rPois   ∞          Reflect  .   (helmet currently unavailable)
rElec   .          Harm     .   (cloak currently unavailable)
rCorr   .          Rampage  .   (gloves currently unavailable)
Will    .....      NoTele   +   (boots currently unavailable)
Stlth   +.........              (no amulet)
HPRegen 0.12/turn               k - ring of protection from fire
MPRegen 0.08/turn               (no ring)

@: tree-form
A: stationary, stasis, torment immunity, boosted hp, sickness immunity, AC +3,
negative energy resistance 1, (electricity resistance), torment resistance 1,
petrification resistance
a: no special abilities


You were on level 2 of the Dungeon.
You were a tree.
You visited 1 branch of the dungeon, and saw 2 of its levels.

You collected 74 gold pieces.

Inventory:

Hand Weapons
 a - a +0 flail (weapon)
Armour
 b - a +0 scale mail (melded)
 c - a +0 buckler (worn)
 l - a +1 cloak (melded)
 m - a +2 hat (melded)
Jewellery
 k - a ring of protection from fire (left branch)
Scrolls
 e - a scroll of vulnerability
 g - 2 scrolls of identify
Potions
 d - 2 potions of might
 f - 2 potions of lignification


   Skills:
 + Level 3.8 Fighting
 + Level 2.6 Maces & Flails
 + Level 3.8 Armour
 + Level 3.7 Shields


You had 2 spell levels left.
You didn't know any spells.
Your spell library contained the following spells:

 Spells                   Type           Power      Damage    Failure   Level
 Wereblood                Tmut           0%         N/A       65%         2
 Summon Hydra             Summ           0%         N/A       100%        7
 Sublimation of Blood     Necr           Unusable   N/A       N/A         2

Dungeon Overview and Level Annotations

Branches:
Dungeon (2/15)

Altars:


Innate Abilities, Weirdness & Mutations

You are a tree.
Your roots penetrate the ground, keeping you stationary.
You cannot be teleported.
You are immune to unholy pain and torment.
Your maximum health is greatly increased.
Your equipment is partially melded.
You are immune to sickness and miasma.
((Your stone body is resilient. (AC +3)))
You are immune to poison.
You resist negative energy. (rN+)
((You are resistant to electric shocks. (rElec)))
You are resistant to unholy torment.
You are immune to petrification.


Message History

The gnoll is heavily wounded.
The gnoll misses you. The gnoll hits you but does no damage.
There are monsters nearby!
You sock the gnoll!
You kill the gnoll!
The gnoll barely misses you.
The gnoll hits you from afar with a +0 halberd.
The gnoll hits you but does no damage.
Things that are here:
a +0 flail; an inky potion You thump the gnoll!
The gnoll is almost dead.
The gnoll hits you with a +0 halberd.
The gnoll hits you from afar with a +0 halberd!
* * * LOW HITPOINT WARNING * * *
It was a potion of lignification.
You turn into a tree.
Your +1 cloak melds into your body.
Your +2 hat melds into your body.
Your +0 scale mail melds into your body.
Your roots penetrate the ground.
The gnoll hits you but does no damage.
As you read the scroll labelled VINAFIOZAWA, it crumbles to dust.
It is a scroll of identify.
e - a scroll of vulnerability The gnoll hits you but does no damage.
As you read the scroll labelled DOPIFYGROU, it crumbles to dust.
The scroll dissolves into smoke.
It was a scroll of fog.
The gnoll hits you but does no damage.
As you read the scroll labelled WERUSY AD NENAAS, it crumbles to dust.
You feel aware of your surroundings.
You sensed 1 altar.
It was a scroll of magic mapping.
The gnoll hits you but does no damage.
As you read the scroll labelled QOCO JECUYLL, it crumbles to dust.
You feel a strange sense of stasis.
It was a scroll of teleportation.
You block the gnoll's attack.
It was a potion of flight.
Your roots keep you in place.
The gnoll hits you but does no damage.
You aren't carrying any items that you can evoke.
No quiver actions available for cycling.
Use [Q] to select from all actions.
The gnoll hits you but does no damage. The gnoll hits you but does no damage.
The gnoll hits you from afar with a +0 halberd!
You die...

,...# #.# #.#.###.#
*#..# #.# #.##.#.##
##..# #†###.###.##
#...####.....# #.#
...........#.# #.#
#...######...# #.#
##.## ##### #§# #.#
#§# #.# #♣# #.# #§#
#.# ##g## #.#
***#gg.# **,*
#....#.# ,,,*
#g##...#
,**********#,*#####
,,,,,,,,,,**,*
********,,**,*


You could see a gnoll.

Vanquished Creatures
  A gnoll (D:2)
  4 dart slugs
  4 ball pythons
  5 bats
  An endoplasm (D:1)
  2 goblins (D:1)
  2 hobgoblins
  4 jackals (D:1)
  2 quokkas (D:1)
  3 kobolds (D:1)
  A rat (D:1)
29 creatures vanquished.

Notes
Turn   | Place    | Note
-------+----------+-------------------------------------------
     0 | D:1      | Dabor the Gargoyle Fighter began the quest for the Orb.
     0 | D:1      | Reached XP level 1. HP: 14/14 MP: 1/1
   107 | D:1      | Reached XP level 2. HP: 15/19 MP: 2/2
   622 | D:1      | Reached XP level 3. HP: 23/23 MP: 3/3
  1405 | D:2      | Slain by a gnoll

Illustrated notes

Levels and vault maps discovered:
D:1:      dpeg_arrival_court, layout_loops_cross, grunt_decor_one_mirror,
          st_stairs_1, minmay_statues_item
D:2:      layout_loops_ring, dreamdust_ecumenical_altar_grove

Action                   || total
-------------------------++-------
Melee: Flail             ||    99
  Use: Scroll            ||     4
       Potion            ||     2
Armor: Scale mail        ||    65
       Skin              ||     7
Dodge: Dodged            ||    58
Block: Buckler           ||    22

Table legend: (Time is in decaauts)
 A = Elapsed time spent in this place.
 B = Non-inter-level travel time spent in this place.
 C = Inter-level travel time spent in this place.
 D = Time resting spent in this place.
 E = Time spent auto-exploring this place.
 F = Levels seen in this place.
 G = Mean time per level.
                   A        B        C        D        E       F      G
               +--------+--------+--------+--------+--------+-----+--------+
         Total |   1437 |   1312 |    125 |    166 |    903 |   2 |  718.5 |
       Dungeon |   1437 |   1312 |    125 |    166 |    903 |   2 |  718.5 |
               +--------+--------+--------+--------+--------+-----+--------+

Top non-repeatable levels by time:
     D:1: 1274 daAuts
     D:2: 162 daAuts
